Cogmind - Beta 12 X6 @@@ ROGUE MODE // 2023.01.29 @ 21:32:47 Player: leiavoia Result: Destroyed by X-77 Beamer with Gatling Laser Performance ------------- Evolutions (5) 2500 Regions Visited (17) 3400 Robots Destroyed (486) 2430 Value Destroyed (16678) 16678 Prototype IDs (25) 500 Alien Tech Used (0) 0 Bonus (8477) 8477 TOTAL SCORE: 33985 Bonus ------- Triggered High Security 500 High Alert Combat Kills 7449 Follower Combat Kills 604 Entered Garrisons 400 Used RIF Installer 1500 Entered DSFs 500 Friendly Fire -2476 Cogmind --------- Core Integrity 0/1000 Matter 241/300 Energy 79/100 System Corruption 23% Temperature Cool (64) Movement Walking (120) Location -5/Extension Parts ------- > --- POWER (1) -------- (None) > --- PROPULSION (6) --- Improved Treads Carbon-fiber Leg Flexi-carbon Leg Flexi-carbon Leg > --- UTILITY (7) ------ Advanced Signal Interpreter Improved Medium Armor Plating > --- WEAPON (3) ------- Bore Cannon Bore Cannon Mass Driver > --- INVENTORY (5) ---- Neutrino Core Cooled Nuclear Pulse Thruster Long-range Tractor Beam Advanced Plasma Cannon Bore Cannon Peak State ------------ > --- POWER ------------ Antimatter Reactor > --- PROPULSION ------- Heavy Treads Heavy Treads Heavy Treads > --- UTILITY ---------- Advanced Cooling System Cargo Storage Unit Improved Sensor Array Advanced Weapon Cycler Hardened Medium Armor Plating Advanced Shield Generator > --- WEAPON ----------- Hypervelocity Gauss Cannon Hypervelocity Gauss Cannon Hypervelocity Gauss Cannon > --- INVENTORY -------- F-cell Engine Micro Fission Core Heavy Treads Advanced Heavy Siege Treads Cooled Nuclear Pulse Thruster Cooled Nuclear Pulse Thruster Advanced Cooling System Advanced Cooling System Huge Storage Unit Matter Compressor Hardened Light Armor Plating Advanced Shield Generator Long-range Tractor Beam Long-range Proton Cannon Advanced Plasma Cannon Advanced Plasma Cannon Advanced Plasma Cannon Improved KE Penetrator Magnetic Acceleration Cannon Hypervelocity Gauss Cannon Hypervelocity Gauss Cannon Hypervelocity Gauss Cannon Heavy Proton Missile Launcher Heavy Proton Missile Launcher Heavy Proton Missile Launcher Tiamat Missile Launcher Improved Remote Datajack [Rating: 106] Favorites ----------- Power Ion Engine Engine Ion Engine Power Core Micro Fission Core Reactor Antimatter Reactor Propulsion Light Treads Treads Light Treads Leg Aluminum Leg Wheel Compact Wheel Hover Unit Improved Airjet Flight Unit Field Propulsion Drive Utility Huge Storage Unit Device Experimental Heat Sink Storage Huge Storage Unit Processor Advanced Signal Interpreter Hackware Authchip [Processor] Protection Light Armor Plating Weapon Beam Cannon Energy Gun Gatling Laser Energy Cannon Beam Cannon Ballistic Gun Assault Rifle Ballistic Cannon Mini Assault Cannon Launcher Grenade Launcher Special Weapon Remote Datajack Impact Weapon Heavy Flail Slashing Weapon Katana Special Melee Weapon Datajack Build | -11 -10 -10 -9 -9 -8 -8 -8 -8 -7 -7 -7 -6 -6 -5 -5 -5 -5 ------- Run | Jun Mat Min Mat Sto Mat Gar Mat Gar Fac Was Fac Fac DSF Fac Was Fac Ext Slots Evolved 10 | . . . 2 . 2 . . . 2 . . 2 . 2 . . . Power . | . . . . . . . . . . . . . . . . . . Propulsion 4 | . . . 1 . 1 . . . . . . . . 2 . . . Utility 5 | . . . 1 . 1 . . . 2 . . 1 . . . . . Weapon 1 | . . . . . . . . . . . . 1 . . . . . Parts Attached 516 | 1 26 5 38 32 34 26 10 37 6 11 31 . 29 15 9 187 19 Power 33 | . 2 1 3 2 2 . . 1 . . 3 . 2 2 . 14 1 Engine 19 | . 2 1 2 2 2 . . 1 . . 3 . 1 1 . 3 1 Core 10 | . . . 1 . . . . . . . . . 1 1 . 7 . Reactor 4 | . . . . . . . . . . . . . . . . 4 . Propulsion 115 | . 7 . 9 4 11 7 3 10 . 2 9 . 8 4 3 30 8 Treads 55 | . 2 . 9 4 10 5 2 4 . 2 4 . . . 3 9 1 Leg 24 | . 3 . . . 1 2 1 3 . . 4 . 4 . . . 6 Wheel 6 | . 2 . . . . . . 2 . . . . . . . 1 1 Hover 1 | . . . . . . . . . . . 1 . . . . . . Flight 29 | . . . . . . . . 1 . . . . 4 4 . 20 . Utility 171 | 1 10 . 8 11 11 7 4 11 4 4 10 . 10 3 4 69 4 Device 70 | 1 4 . 3 6 1 4 1 2 4 2 5 . . 2 . 34 1 Storage 12 | . 2 . . 1 . . . . . . 2 . 1 . 1 5 . Processor 8 | . . . . . . . . . . . 2 . . . . 5 1 Hackware 18 | . . . . . . 2 . 5 . . 1 . 5 . . 5 . Protection 63 | . 4 . 5 4 10 1 3 4 . 2 . . 4 1 3 20 2 Artifact . | . . . . . . . . . . . . . . . . . . Weapon 197 | . 7 4 18 15 10 12 3 15 2 5 9 . 9 6 2 74 6 Energy Gun 20 | . . . 1 1 3 4 2 7 . . 1 . 1 . . . . Energy Cannon 44 | . 1 . 4 4 2 2 . 2 . 1 1 . 2 . . 23 2 Ballistic Gun 16 | . 1 . 4 1 . . . 1 . . 1 . 1 1 . 6 . Ballistic Cannon 49 | . 3 2 1 4 2 . . . . 1 . . 2 2 . 29 3 Launcher 45 | . 2 2 8 5 3 2 . . . 3 3 . 3 1 1 12 . Special Weapon 6 | . . . . . . 1 1 3 . . . . . . . . 1 Impact Weapon 12 | . . . . . . 3 . 2 1 . . . . 1 1 4 . Slashing Weapon 4 | . . . . . . . . . . . 3 . . 1 . . . Piercing Weapon . | . . . . . . . . . . . . . . . . . . Special Melee Weapon 1 | . . . . . . . . . 1 . . . . . . . . Unidentified Prototypes 14 | . . . 2 4 . . . . . . 1 . . 1 1 5 . Corrupted Parts 6 | . . . . . . . . 2 . 1 3 . . . . . . System Corruption 54 | . . . . . . . . 18 . 8 28 . . . . . . Parts Lost 107 | . 2 . 6 4 4 4 1 11 . 7 19 . 6 3 . 40 . Power 8 | . . . . . . . . 1 . 1 2 . 1 . . 3 . Propulsion 39 | . . . 2 2 2 3 1 6 . 1 8 . . 1 . 13 . Utility 37 | . 1 . 3 1 2 1 . 1 . 3 6 . 2 1 . 16 . Weapon 23 | . 1 . 1 1 . . . 3 . 2 3 . 3 1 . 8 . Highest Loss Streak 13 | . 1 . 1 3 2 3 1 3 . 7 6 . 5 1 . 13 . To Critical Strikes . | . . . . . . . . . . . . . . . . . . Average Slot Usage (%) 92 | . 99 100 99 99 98 99 99 98 99 38 63 . 70 90 84 75 40 Engine 8 | . 14 14 6 10 9 9 9 8 7 1 2 . . 1 . 1 2 Treads 12 | . 1 . 30 33 34 34 33 28 15 9 11 . . . 11 5 2 Leg 10 | . 25 . . . 1 1 3 3 . . 2 . 19 . . . 15 Wheel 1 | . . 28 2 . . . . 3 15 2 . . . . . . . Flight 2 | . . . . . . . . . . . . . 5 32 7 13 2 Device 9 | . 9 14 14 11 10 9 9 6 22 5 14 . 1 4 5 8 . Storage 10 | . 14 14 11 11 9 9 9 9 7 1 2 . 6 5 5 5 . Processor 1 | . . . . . . . . . . . 5 . . . . 6 2 Hackware 3 | . . . . . . 3 3 10 7 1 1 . 11 26 23 10 . Protection 6 | . 4 . 7 10 15 14 14 10 7 8 6 . 5 2 5 3 2 Energy Gun 4 | . 4 . 3 . 6 12 17 9 5 . . . . 3 . . . Energy Cannon 5 | . 7 14 10 10 7 1 . 5 3 . 2 . 2 . . 2 . Ballistic Gun 2 | . 5 . 5 . . . . 1 . . . . 1 . . . . Ballistic Cannon 3 | . 2 7 . 10 3 . . . . . . . 1 1 11 4 6 Launcher 3 | . 8 6 1 . . . . . . 6 3 . 7 4 . . . Naked Turns 17 | . . . . . . . . . . 16 . . . . . 1 . Heaviest Build 214 | 13 94 92 99 107 113 109 112 112 111 108 101 8 55 38 103 214 44 Greatest Support 220 | 20 40 26 67 63 84 84 82 82 24 40 60 9 64 42 210 220 100 Greatest Overweight (x) 30 | . 30 3 5 1 1 2 1 8 4 4 6 . . 10 1 1 1 Average Overweight (x) . | . 3 3 1 1 1 1 1 1 4 . . . . . . . . Largest Inventory Capacity 30 | 8 25 25 25 25 25 25 25 25 25 25 25 8 10 10 25 30 5 Average Capacity 20 | 8 19 25 25 25 25 25 25 25 25 8 11 8 9 10 22 17 5 Most Carried 30 | 6 25 25 25 25 25 25 25 25 25 25 8 8 10 10 25 30 5 Average Carried 19 | 6 18 24 24 24 24 24 24 24 24 8 5 8 7 9 20 16 4 Final Capacity 25 | 8 25 25 25 25 25 25 25 25 25 5 8 8 10 10 25 5 5 Final Carried 25 | 6 25 25 25 25 25 25 25 25 25 5 8 8 10 10 25 5 5 Class Distribution -------------------- 64% | Mutant 10% | Scavenger-Mutant 8% | Bothacker-Mutant 5% | Hacker-Scout Dominant Class ---------------- Mutant | -10/Materials Mutant | -10/Mines Mutant | -9/Materials Mutant | -9/Storage Scavenger-Mutant | -8/Materials Scavenger-Mutant | -8/Garrison Scavenger-Mutant | -8/Materials Bothacker-Mutant | -8/Garrison Bothacker-Mutant | -7/Factory Mutant | -7/Waste Scavenger-Mutant | -7/Factory Scavenger-Mutant | -6/Factory Mutant | -6/DSF Sprinter | -5/Factory Mutant | -5/Waste Hacker-Scout | -5/Factory Mutant | -5/Extension Resources | -11 -10 -10 -9 -9 -8 -8 -8 -8 -7 -7 -7 -6 -6 -5 -5 -5 -5 ----------- Run | Jun Mat Min Mat Sto Mat Gar Mat Gar Fac Was Fac Fac DSF Fac Was Fac Ext Matter Collected 14558 | 222 2539 146 814 535 719 534 113 504 . 815 541 . 412 174 376 5406 708 Remotely 2247 | . 401 . . . . . . . . . . . . . . 1753 93 Salvage Created 19168 | 97 3596 253 1838 1195 1237 978 444 1259 . 1357 761 . 94 189 137 5363 370 Parts 941 | 5 269 36 110 79 69 35 21 46 . 5 40 . 8 15 2 194 7 Haulers Intercepted 14 | . 2 . 5 2 1 . . . . . 1 . . . . 3 . Recyclers Shooed 16 | 1 7 . . 1 2 . . . . . 1 . . 3 . 1 . Parts Field Recycled . | . . . . . . . . . . . . . . . . . . Retrieved Matter . | . . . . . . . . . . . . . . . . . . Parts Self-Destructed . | . . . . . . . . . . . . . . . . . . Prevented . | . . . . . . . . . . . . . . . . . . Kills | -11 -10 -10 -9 -9 -8 -8 -8 -8 -7 -7 -7 -6 -6 -5 -5 -5 -5 ------- Run | Jun Mat Min Mat Sto Mat Gar Mat Gar Fac Was Fac Fac DSF Fac Was Fac Ext Combat Hostiles Destroyed 361 | . 24 12 44 31 30 25 10 27 . 6 24 . 9 3 . 111 5 Melee 4 | . . . . . . . . . . . 2 . . . . 1 1 Guns 63 | . . . 10 . 2 14 9 21 . . 1 . . . . 6 . Cannons 134 | . 16 . 12 24 18 1 . 5 . . 2 . 2 . . 50 4 AOE 150 | . 8 12 22 7 10 8 . . . 6 16 . 7 3 . 51 . Classes Destroyed 21 | 2 7 . 5 1 . 2 1 . . 1 . . 1 . . 1 . Worker 76 | . 61 3 1 3 2 . . . . . 1 . . 1 . 4 . Builder 46 | . 34 . 2 1 2 . . . . . 1 . . 2 . 4 . Tunneler 4 | 1 2 1 . . . . . . . . . . . . . . . Hauler 14 | . 2 . 5 2 1 . . . . . 1 . . . . 3 . Recycler 27 | 1 15 1 3 . 2 . . . . . 1 . . 1 . 2 1 Mechanic 9 | . . . 1 2 1 . . . . . . . . . . 5 . Operator 7 | . 2 . 2 . . . . . . . . . . . . 3 . Drone 1 | . . . . 1 . . . . . . . . . . . . . Watcher 19 | . 3 . 2 . 3 . 1 1 . . . . . 1 . 8 . Swarmer 83 | . 3 12 10 3 7 6 2 8 . . 13 . 6 3 . 10 . Saboteur 2 | . . . . . . . . . . . . . . . . 1 1 Grunt 178 | . 21 1 22 23 13 12 2 15 . . 6 . . . . 61 2 Brawler 14 | . . . 2 1 2 . 1 . . . . . . . . 8 . Duelist 9 | . . . 1 . . . 1 . . . . . . . . 7 . Protector 6 | . . . 1 1 . . . . . . . . . . . 4 . Sentry 35 | . . . 8 3 8 1 2 4 . . 2 . . . . 6 1 Specialist 2 | . . . . . . . 2 . . . . . . . . . . Hunter 9 | . . . . . . 4 . . . . 1 . 2 . . 2 . Programmer 17 | . . . . . . 3 . . . . 2 . . . . 12 . Heavy 1 | . . . . . . . . . . . . . 1 . . . . Compactor 6 | . . . . . . . . . . 6 . . . . . . . Thug 2 | . . . . . . . . . . 1 . . . . . . 1 Best Kill Streak 34 | 2 7 3 11 10 13 5 4 4 . 2 7 . 6 4 . 34 2 Combat Bots Only 31 | . 3 3 9 7 8 5 3 4 . 2 7 . 6 2 . 31 2 Max Kills in Single Turn 5 | 1 2 3 4 4 3 2 1 1 . 1 5 . 3 2 . 4 1 Gunslinging . | . . . . . . . . . . . . . . . . . . Exploded 5 | . 1 3 3 3 2 2 . . . 1 5 . 3 1 . 4 . Melee 1 | . . . . . . . . . . . 1 . . . . 1 1 Uniques/NPCs Destroyed 1 | . . . . 1 . . . . . . . . . . . . . 01-MTF (-9/Storage) Combat | -11 -10 -10 -9 -9 -8 -8 -8 -8 -7 -7 -7 -6 -6 -5 -5 -5 -5 -------- Run | Jun Mat Min Mat Sto Mat Gar Mat Gar Fac Was Fac Fac DSF Fac Was Fac Ext Damage Taken 23003 | . 770 188 1512 1087 1378 1242 408 1466 . 375 2232 . 1489 326 . 9722 808 Core 2495 | . 74 45 222 102 111 131 18 163 . 146 414 . 63 . . 798 208 Absorbed by Shields 1063 | . . . 186 137 33 . . . . . . . . . . 707 . Reduced by Siege Mode 442 | . . . . . . . . . . . . . . . . 442 . Redirected to Shielding 126 | . . . 12 . . . . . . . . . . . . 114 . Regen/Repaired (Parts) 73 | . 73 . . . . . . . . . . . . . . . . Core Remaining (%) 51 | 100 . 52 . 19 . . . 23 . . 20 . 92 . . . . Volleys Fired 1594 | 4 590 24 108 111 71 79 25 131 . 42 57 . 29 27 . 266 30 Largest 3 | 2 2 2 2 2 2 2 2 2 . 2 2 . 2 2 . 3 3 Hottest 241 | 70 90 95 124 107 160 160 160 160 . 116 111 . 147 115 . 241 171 Shots Fired 2226 | 8 647 25 182 164 127 125 47 184 . 52 62 . 46 30 . 478 49 Gun 394 | 8 9 . 65 . 10 81 44 94 . . 13 . 12 16 . 42 . Cannon 1424 | . 497 15 89 152 102 14 . 83 . 14 23 . 20 . . 382 33 Launcher 367 | . 141 10 28 12 15 15 . . . 38 26 . 14 14 . 54 . Special 41 | . . . . . . 15 3 7 . . . . . . . . 16 Kinetic 682 | 4 121 2 55 53 45 . . 14 . 1 . . 25 . . 333 29 Thermal 1094 | 4 385 13 99 99 67 95 44 159 . 13 . . 7 16 . 89 4 Explosive 348 | . 141 10 28 12 15 15 . . . 38 26 . 14 14 . 35 . Electromagnetic 61 | . . . . . . . . 4 . . 36 . . . . 21 . Robot Hit Streak 48 | 4 8 5 12 12 15 48 12 20 . 17 12 . 10 3 . 29 20 Robot Miss Streak 6 | 1 6 3 4 2 3 4 3 5 . 1 3 . 3 3 . 4 6 Penetration Max 1 | . . . . . . . . . . . . . . . . 1 . Secondary Targets . | . . . . . . . . . . . . . . . . . . Shots Hit Robots 1354 | 6 260 10 107 107 84 103 42 139 5 41 61 . 25 10 2 322 30 Core Hits 933 | 3 158 21 84 64 69 82 27 72 . 20 48 . 21 13 1 242 8 Critical Kills 29 | . 1 . . . . . . . . . . . . . . 27 1 Critical Parts Destroyed 39 | . . . . . . . . . . . . . . . 1 33 5 Critical Strikes 97 | . 5 . 2 2 1 . . . . . 5 . . 2 1 72 7 Burn 4 | . . . 2 . . . . . . . . . . 2 . . . Meltdown 2 | . 1 . . . . . . . . . . . . . . 1 . Destroy 65 | . . . . . . . . . . . . . . . . 59 6 Blast 15 | . 4 . . 2 1 . . . . . . . . . . 7 1 Corrupt 2 | . . . . . . . . . . . 2 . . . . . . Smash 6 | . . . . . . . . . . . . . . . 1 5 . Sever 3 | . . . . . . . . . . . 3 . . . . . . Melee Attacks 220 | . . . . . . 10 . 4 7 . 25 . . 3 2 169 . Impact 190 | . . . . . . 10 . 4 2 . . . . 3 2 169 . Slashing 25 | . . . . . . . . . . . 25 . . . . . . Piercing . | . . . . . . . . . . . . . . . . . . Sneak Attacks 13 | . . . . . . . . . 5 . 3 . . . . 5 . Combat Hostiles 6 | . . . . . . . . . 5 . . . . . . 1 . Follow-up Attacks 4 | . . . . . . . . . . . 4 . . . . . . Damage Inflicted 51924 | 76 5770 928 3791 3100 3327 3129 912 3061 . 3879 2694 . 1687 599 274 18286 411 Guns 7138 | 76 52 . 697 . 241 2031 909 1926 . . 161 . 146 144 . 755 . Cannons 17677 | . 4451 154 1130 1882 1738 200 . 1135 . 272 421 . 425 . . 5458 411 Explosions 24402 | . 1257 751 1936 1170 1278 898 . . . 3607 1410 . 1116 455 . 10524 . Melee 2521 | . . . . . . . . . . . 702 . . . 274 1545 . Ramming 186 | . 10 23 28 48 70 . 3 . . . . . . . . 4 . Kinetic 8933 | 38 1003 16 523 805 769 . . 120 . 26 . . 393 . . 4924 316 Thermal 16486 | 38 3500 138 1304 1077 1210 2231 909 2805 . 246 . . 178 144 . 2611 95 Explosive 22041 | . 1257 751 1936 1170 1278 898 . . . 3607 1410 . 1116 428 . 8190 . Electromagnetic 1757 | . . . . . . . . 136 . . 582 . . 27 . 1012 . Impact 1819 | . . . . . . . . . . . . . . . 274 1545 . Slashing 702 | . . . . . . . . . . . 702 . . . . . . Piercing . | . . . . . . . . . . . . . . . . . . Highest Corruption 72 | . . . . . . 2 2 20 . 38 72 . . . . 23 23 Average Corruption 12 | . . . . . . 1 2 2 . 19 52 . . . . 12 23 Corruption Purged 5 | . . . . . . . . . . . . . . . . 5 . Corruption Blocked . | . . . . . . . . . . . . . . . . . . Effects 379 | . . . . . . 24 5 37 . 14 67 . . . . 207 25 Message Errors 75 | . . . . . . 4 1 6 . 3 17 . . . . 42 2 Matter Fused 78 | . . . . . . 7 1 9 . 4 16 . . . . 37 4 Heat Flow Errors 49 | . . . . . . 7 . 4 . 1 5 . . . . 26 6 Energy Discharges 59 | . . . . . . 3 2 10 . 3 6 . . . . 32 3 Parts Rejected 5 | . . . . . . . . . . . 2 . . . . 3 . Data Loss (minor) 35 | . . . . . . . 1 4 . . 3 . . . . 25 2 Data Loss (major) 21 | . . . . . . 2 . 1 . 2 4 . . . . 11 1 Misfires 14 | . . . . . . . . 2 . . 3 . . . . 8 1 Alerts 7 | . . . . . . 1 . . . . . . . . . 5 1 Misdirections 16 | . . . . . . . . . . . 5 . . . . 6 5 Weapon Failures 20 | . . . . . . . . 1 . 1 6 . . . . 12 . Overload Shots . | . . . . . . . . . . . . . . . . . . Overflow Damage 1700 | . 104 32 19 27 40 29 . 35 . 4 119 . 41 . 143 1107 . Projectiles 279 | . 81 . . 9 32 . . 35 . . . . . . . 122 . Explosions 652 | . 23 32 19 18 8 29 . . . 4 37 . 41 . . 441 . Melee 769 | . . . . . . . . . . . 82 . . . 143 544 . Knockbacks 76 | . 12 1 1 8 11 . . . . . . . . . . 40 3 Impact 8 | . . . 1 . 1 . . . . . . . . . . 6 . Kinetic 61 | . 10 1 . 7 7 . . . . . . . . . . 33 3 Secondary 7 | . 2 . . 1 3 . . . . . . . . . . 1 . Self-Inflicted Damage 1428 | . 171 109 237 146 61 6 . . . 190 20 . 109 31 . 348 . Shots 51 | . 10 4 9 6 2 1 . . . 5 1 . 3 2 . 8 . Rammed 21 | . . 3 4 6 5 . 1 . . . . . . . . 2 . Targets Rammed 22 | . 1 3 4 6 5 . 1 . . . . . . . . 2 . Kicked 1 | . 1 . . . . . . . . . . . . . . . . Crushed . | . . . . . . . . . . . . . . . . . . Highest Temperature 560 | 27 234 3 268 323 126 204 280 560 . 108 242 . 84 302 . 369 253 Average Temperature 78 | 13 53 2 58 108 35 27 102 127 . 36 74 . 47 114 . 75 98 Received Heat Transfer 5644 | . 276 . 382 407 565 333 135 630 . . 537 . . 18 . 2154 207 Effects 17 | . . . 2 1 . . . 7 . . . . . 3 . 3 1 Shutdowns 1 | . . . . . . . . 1 . . . . . . . . . Energy Bleed 4 | . . . 1 . . . . . . . . . . 1 . 2 . Interference 6 | . . . 1 1 . . . . . . . . . 2 . 1 1 Matter Decay 1 | . . . . . . . . 1 . . . . . . . . . Short Circuit 2 | . . . . . . . . 2 . . . . . . . . . Damage (minor) 3 | . . . . . . . . 3 . . . . . . . . . Siege Activations 18 | . . . . . . . . . . . . . . . . 18 . Total Turns 322 | . . . . . . . . . . . . . . . . 322 . Longest Duration 52 | . . . . . . . . . . . . . . . . 52 . Robots Corrupted 5 | . . . . . . . . . . . 3 . . . . 2 . Combat Hostiles 5 | . . . . . . . . . . . 3 . . . . 2 . Parts Fried 17 | . . . . . . . . 3 . . 3 . . . . 11 . Impact Corruptions 28 | . . . . . . . . . . . . . . . 3 25 . Robots Melted 8 | . 1 . . . . 4 1 1 . . . . . . . 1 . Combat Hostiles 5 | . . . . . . 2 1 1 . . . . . . . 1 . Parts Melted 46 | . 9 . 9 1 1 6 6 10 . . . . . 1 . 3 . Heat Transferred 30043 | 111 7400 296 2590 2621 1931 4261 2075 5117 . 444 . . 185 600 . 2262 150 Parts Sabotaged 9 | . . . . . . . . . . . . . . . . 5 4 Parts Stolen . | . . . . . . . . . . . . . . . . . . Parts Stripped . | . . . . . . . . . . . . . . . . . . Power Chain Reactions . | . . . . . . . . . . . . . . . . . . Missiles Intercepted . | . . . . . . . . . . . . . . . . . . Alert | -11 -10 -10 -9 -9 -8 -8 -8 -8 -7 -7 -7 -6 -6 -5 -5 -5 -5 ------- Run | Jun Mat Min Mat Sto Mat Gar Mat Gar Fac Was Fac Fac DSF Fac Was Fac Ext Peak Influence 3090 | 10 2256 973 1349 1001 763 1428 1088 1930 1025 370 544 266 429 543 159 3090 1905 Initial 1514 | . 6 879 366 569 422 315 696 707 1012 358 232 266 186 224 159 . 1514 Average 792 | 8 846 873 773 731 510 878 894 1267 1014 323 318 266 298 306 101 750 1692 Maximum Alert Level 5 | . 5 3 4 3 3 4 3 5 3 1 2 1 2 2 . 5 5 Low Security (%) 16 | 100 33 . . . . . . . . . 1 . 29 . 100 9 . Level 1 11 | . 4 . 3 . 21 4 . . . 100 88 100 40 76 . 17 . Level 2 22 | . 8 . 50 52 71 26 16 . . . 10 . 30 23 . 37 . Level 3 21 | . 13 100 22 47 6 42 83 39 100 . . . . . . 13 . Level 4 15 | . 17 . 23 . . 26 . 43 . . . . . . . 10 24 Level 5 11 | . 22 . . . . . . 17 . . . . . . . 4 75 High Security 1 | . . . . . . . . . . . . . . . . 6 . Max Security . | . . . . . . . . . . . . . . . . . . Sterilizations 2 | . . . 1 . . . . . . . . . 1 . . . . Squads Dispatched 93 | . 10 . 9 9 2 . 5 . 1 . 6 . 1 2 . 46 2 Investigation 34 | . 8 . 4 1 2 . . . 1 . 3 . . 2 . 13 . Extermination 6 | . . . . . . . . . . . 2 . . . . 4 . Reinforcement 21 | . 2 . 2 5 . . 2 . . . 1 . 1 . . 8 . Assault 27 | . . . 3 2 . . . . . . . . . . . 20 2 Garrison 5 | . . . . 1 . . 3 . . . . . . . . 1 . Intercept . | . . . . . . . . . . . . . . . . . . Searches Triggered 6 | . . . . . . . . . . . . . . . . 6 . Construction Impeded 5 | . . . . 2 . . . . . . 1 . . . . 2 . Haulers Reinforced 1 | . . . . . . . . . . . . . . . . 1 . Active Scanning Responses . | . . . . . . . . . . . . . . . . . . Cargo Convoy Interrupts . | . . . . . . . . . . . . . . . . . . Stealth | -11 -10 -10 -9 -9 -8 -8 -8 -8 -7 -7 -7 -6 -6 -5 -5 -5 -5 --------- Run | Jun Mat Min Mat Sto Mat Gar Mat Gar Fac Was Fac Fac DSF Fac Was Fac Ext Distress Signals 21 | . 2 . 3 3 4 . 3 1 . . . . . 1 . 2 2 Communications Jammed . | . . . . . . . . . . . . . . . . . . Distress Signals . | . . . . . . . . . . . . . . . . . . Times Spotted 607 | . 34 12 66 45 45 26 14 40 1 6 28 . 13 11 . 236 30 Peak Tracking Total 21 | . 4 3 6 8 7 5 6 8 1 3 7 . 4 5 . 21 12 Tactical Retreats 61 | . . . 1 1 3 1 . 5 . . 6 . 2 4 . 32 6 Traps | -11 -10 -10 -9 -9 -8 -8 -8 -8 -7 -7 -7 -6 -6 -5 -5 -5 -5 ------- Run | Jun Mat Min Mat Sto Mat Gar Mat Gar Fac Was Fac Fac DSF Fac Was Fac Ext Traps Triggered 30 | . 5 . . 1 . 6 . 7 1 . 3 . . 2 . 5 . Indirectly . | . . . . . . . . . . . . . . . . . . Trap Hack Attempts 1 | . . . . . . . . . 1 . . . . . . . . Triggered . | . . . . . . . . . . . . . . . . . . Disarmed . | . . . . . . . . . . . . . . . . . . Reprogrammed 4 | . . . 4 . . . . . . . . . . . . . . Reused . | . . . . . . . . . . . . . . . . . . Traps Extracted . | . . . . . . . . . . . . . . . . . . Installed . | . . . . . . . . . . . . . . . . . . Triggered . | . . . . . . . . . . . . . . . . . . Machines | -11 -10 -10 -9 -9 -8 -8 -8 -8 -7 -7 -7 -6 -6 -5 -5 -5 -5 ---------- Run | Jun Mat Min Mat Sto Mat Gar Mat Gar Fac Was Fac Fac DSF Fac Was Fac Ext Machines Disabled 87 | . 29 3 3 4 5 3 . 4 . . 2 . 1 5 . 27 1 Max in Single Turn 12 | . 3 1 1 1 2 1 . 1 . . 1 . 1 3 . 12 . Garrison Access 4 | . . . . . . . . . . . . . . . . 4 . Garrison Relay 6 | . . . . . . 2 . 4 . . . . . . . . . Machines Repaired . | . . . . . . . . . . . . . . . . . . Machines Sabotaged . | . . . . . . . . . . . . . . . . . . Overloaded Fab Kills . | . . . . . . . . . . . . . . . . . . Hacking | -11 -10 -10 -9 -9 -8 -8 -8 -8 -7 -7 -7 -6 -6 -5 -5 -5 -5 --------- Run | Jun Mat Min Mat Sto Mat Gar Mat Gar Fac Was Fac Fac DSF Fac Was Fac Ext Machines Accessed 94 | . 9 . 12 3 11 5 4 2 1 . 8 1 . 3 . 33 2 Terminals 62 | . 6 . 10 2 9 5 3 2 . . 4 1 . 3 . 15 2 Fabricators 7 | . . . . . . . . . . . 2 . . . . 5 . Repair Stations 2 | . 1 . . . . . . . 1 . . . . . . . . Recycling Units 14 | . 2 . 2 1 1 . . . . . 2 . . . . 6 . Scanalyzers 4 | . . . . . . . . . . . . . . . . 4 . Garrison Access 5 | . . . . . 1 . 1 . . . . . . . . 3 . Total Hacks 303 | . 44 . 43 7 29 6 17 4 4 . 17 1 . 6 . 121 4 Successful 138 | . 24 . 17 4 14 3 7 . 1 . 3 1 . 2 . 60 2 Failed 164 | . 20 . 25 3 15 3 10 4 3 . 14 . . 4 . 61 2 Catastrophic 42 | . 7 . 5 . 2 2 2 1 1 . 6 . . 1 . 15 . Database Lockouts 1 | . . . 1 . . . . . . . . . . . . . . Manual 101 | . 16 . 8 1 19 . 6 . . . 2 . . 1 . 48 . Terminals 197 | . 32 . 36 3 25 6 16 4 . . 9 1 . 6 . 55 4 Fabricators 26 | . . . . . . . . . . . 4 . . . . 22 . Repair Stations 8 | . 4 . . . . . . . 4 . . . . . . . . Recycling Units 42 | . 8 . 7 4 2 . . . . . 4 . . . . 17 . Scanalyzers 23 | . . . . . . . . . . . . . . . . 23 . Garrison Access 7 | . . . . . 2 . 1 . . . . . . . . 4 . Terminal Hacks 73 | . 20 . 16 2 9 3 5 . . . 1 1 . 1 . 13 2 Record 4 | . 2 . 1 . . . 1 . . . . . . . . . . Part Schematic 1 | . . . . . 1 . . . . . . . . . . . . Robot Analysis 6 | . 2 . 1 . 1 . 1 . . . . . . . . 1 . Prototype ID Bank 7 | . 2 . 2 . . . 3 . . . . . . . . . . Open Door 3 | . . . . 2 . 1 . . . . . . . . . . . Open DSF 1 | . . . . . . . . . . . . 1 . . . . . Level Access Points 1 | . . . 1 . . . . . . . . . . . . . . Branch Access Points 3 | . . . 1 . 1 . . . . . . . . . . 1 . Terminal Index 2 | . . . 1 . . . . . . . . . . . . 1 . Fabricator Index 1 | . . . . . . . . . . . . . . . . 1 . Recycling Unit Index 1 | . . . . . . . . . . . . . . . . 1 . Alert Level 14 | . 10 . 1 . 1 . . . . . . . . . . 1 1 Unreport Threat 7 | . . . . . 3 . . . . . . . . . . 4 . Locate Traps 8 | . 2 . 2 . 2 . . . . . . . . . . 1 1 Reprogram Traps 1 | . . . 1 . . . . . . . . . . . . . . Maintenance Status 1 | . 1 . . . . . . . . . . . . . . . . Investigation Status 1 | . 1 . . . . . . . . . . . . . . . . Hauler Manifests 2 | . . . 2 . . . . . . . . . . . . . . Registered Components 1 | . . . 1 . . . . . . . . . . . . . . Zone Layout 6 | . . . 2 . . . . . . . 1 . . 1 . 2 . Garrison Registry 1 | . . . . . . 1 . . . . . . . . . . . Patrol Navigation 1 | . . . . . . 1 . . . . . . . . . . . Fabricator Hacks 11 | . . . . . . . . . . . 1 . . . . 10 . Load Schematic 6 | . . . . . . . . . . . . . . . . 6 . Build 5 | . . . . . . . . . . . 1 . . . . 4 . Repair Station Hacks 3 | . 2 . . . . . . . 1 . . . . . . . . Scan Component 2 | . 1 . . . . . . . 1 . . . . . . . . Repair 1 | . 1 . . . . . . . . . . . . . . . . Recycling Unit Hacks 7 | . 1 . 1 1 1 . . . . . 1 . . . . 2 . Retrieve Components 7 | . 1 . 1 1 1 . . . . . 1 . . . . 2 . Scanalyzer 16 | . . . . . . . . . . . . . . . . 16 . Insert Component 8 | . . . . . . . . . . . . . . . . 8 . Analyze 8 | . . . . . . . . . . . . . . . . 8 . Garrison Access Hacks 6 | . . . . . 1 . 1 . . . . . . . . 4 . Unlock Access 2 | . . . . . 1 . 1 . . . . . . . . . . Seal Access 3 | . . . . . . . . . . . . . . . . 3 . Coupler Status 1 | . . . . . . . . . . . . . . . . 1 . Unauthorized Hacks 22 | . 1 . . 1 3 . 1 . . . . . . 1 . 15 . Terminals 13 | . . . . . 3 . 1 . . . . . . 1 . 8 . Assimilate 5 | . . . . . 1 . . . . . . . . . . 4 . Botnet 8 | . . . . . 2 . 1 . . . . . . 1 . 4 . Fabricators . | . . . . . . . . . . . . . . . . . . Repair Stations . | . . . . . . . . . . . . . . . . . . Recycling Units 9 | . 1 . . 1 . . . . . . . . . . . 7 . Reject 5 | . 1 . . 1 . . . . . . . . . . . 3 . Mask 4 | . . . . . . . . . . . . . . . . 4 . Scanalyzers . | . . . . . . . . . . . . . . . . . . Garrison Access . | . . . . . . . . . . . . . . . . . . Data Cores Recovered 2 | . . . 1 . . . . . . . . . . . . 1 . Used 1 | . . . 1 . . . . . . . . . . . . . . Hacking Detections 82 | . 9 . 11 . 11 2 4 2 1 . 7 1 . 3 . 29 2 Full Trace Events 33 | . 8 . 5 . 2 1 1 1 1 . 2 . . . . 12 . Feedback Events . | . . . . . . . . . . . . . . . . . . Feedback Blocked . | . . . . . . . . . . . . . . . . . . Robot Schematics Acquired . | . . . . . . . . . . . . . . . . . . Robots Built . | . . . . . . . . . . . . . . . . . . Authchips . | . . . . . . . . . . . . . . . . . . Time . | . . . . . . . . . . . . . . . . . . Total Robot Build Rating . | . . . . . . . . . . . . . . . . . . Part Schematics Acquired 7 | . . . . . 1 . . . . . . . . . . 6 . Parts Built 7 | . . . . . . . . . . . 2 . . . . 5 . Authchips 1 | . . . . . . . . . . . . . . . . 1 . Time 357 | . . . . . . . . . . . 95 . . . . 262 . Total Part Build Rating 41 | . . . . . . . . . . . 10 . . . . 31 . Parts Repaired 1 | . 1 . . . . . . . . . . . . . . . . Time 26 | . 26 . . . . . . . . . . . . . . . . Parts Recycled . | . . . . . . . . . . . . . . . . . . Recycled Matter . | . . . . . . . . . . . . . . . . . . Retrieved Matter . | . . . . . . . . . . . . . . . . . . Retrieved Components 51 | . 10 . 10 9 2 . . . . . 9 . . . . 11 . Parts Scanalyzed 6 | . . . . . . . . . . . . . . . . 6 . Part Schematics Acquired 6 | . . . . . . . . . . . . . . . . 6 . Parts Damaged 2 | . . . . . . . . . . . . . . . . 2 . Bothacking | -11 -10 -10 -9 -9 -8 -8 -8 -8 -7 -7 -7 -6 -6 -5 -5 -5 -5 ------------ Run | Jun Mat Min Mat Sto Mat Gar Mat Gar Fac Was Fac Fac DSF Fac Was Fac Ext Used RIF Installer 3 | . . . . . . 2 . 1 . . . . . . . . . Command Fork 1 | . . . . . . . . 1 . . . . . . . . . Zone Cloak 1 | . . . . . . 1 . . . . . . . . . . . Robots Hacked 9 | . . . . . . 1 2 5 . . . . . . . . 1 Non-combat 1 | . . . . . . . . . . . . . . . . . 1 Combat 8 | . . . . . . 1 2 5 . . . . . . . . . Robot Hacks Applied 9 | . . . . . . 1 2 5 . . . . . . . . 1 parse_system 2 | . . . . . . . 1 . . . . . . . . . 1 amplify_resonance 3 | . . . . . . . 1 2 . . . . . . . . . overwrite_iff 1 | . . . . . . . . 1 . . . . . . . . . formatsys_high 3 | . . . . . . 1 . 2 . . . . . . . . . Relay Couplers Released 27 | . . . . . . 8 . 17 . . . . . . . 2 . Machine Destruction 27 | . . . . . . 8 . 17 . . . . . . . 2 . Attached 7 | . . . . . . 1 . 5 . . 1 . . . . . . Fabnet Peak Effective % . | . . . . . . . . . . . . . . . . . . Robots Rewired 17 | . . . . . . 7 . . 1 . . . . . . . 9 Allies Hacked . | . . . . . . . . . . . . . . . . . . Hacks Repelled . | . . . . . . . . . . . . . . . . . . Allies | -11 -10 -10 -9 -9 -8 -8 -8 -8 -7 -7 -7 -6 -6 -5 -5 -5 -5 -------- Run | Jun Mat Min Mat Sto Mat Gar Mat Gar Fac Was Fac Fac DSF Fac Was Fac Ext Total Allies 30 | . . 3 . 1 1 8 . 3 1 2 . . . . . 2 9 Largest Group 5 | . . 3 2 1 1 5 5 2 1 2 . . . . . 1 3 Highest-Rated Group 111 | . . 40 32 100 10 111 101 31 30 61 . . . . . 10 90 Highest-Rated Ally 100 | . . 16 16 100 10 31 31 16 30 31 . . . . . 10 31 Total Orders 7 | . . . . 1 . 4 . . . . . . . 2 . . . EXPLORE 7 | . . . . 1 . 4 . . . . . . . 2 . . . Ally Attacks 181 | . . 1 45 . . 16 24 23 . 15 . . . . . . 57 Total Damage 2971 | . . . 515 . . 109 502 308 . 293 . . . . . . 1244 Kills 25 | . . . 10 . . 3 5 3 . . . . . . . . 4 Allies Corrupted . | . . . . . . . . . . . . . . . . . . Allies Melted . | . . . . . . . . . . . . . . . . . . Intel | -11 -10 -10 -9 -9 -8 -8 -8 -8 -7 -7 -7 -6 -6 -5 -5 -5 -5 ------- Run | Jun Mat Min Mat Sto Mat Gar Mat Gar Fac Was Fac Fac DSF Fac Was Fac Ext Robot Analysis Total 6 | . 2 . 1 . 1 . 1 . . . . . . . . 1 . Derelict Logs Recovered 1 | . . 1 . . . . . . . . . . . . . . . Drone Launches 22 | . . . . 16 . 4 . . . . . . . 2 . . . Drone Recoveries 6 | . . . . 2 . 3 . . . . . . . 1 . . . Exploration | -11 -10 -10 -9 -9 -8 -8 -8 -8 -7 -7 -7 -6 -6 -5 -5 -5 -5 ------------- Run | Jun Mat Min Mat Sto Mat Gar Mat Gar Fac Was Fac Fac DSF Fac Was Fac Ext Turns Passed 33686 | 28 12896 985 2702 1123 2211 2117 357 2179 282 350 1020 2 358 503 625 5496 452 Spaces Moved 15680 | 13 1867 679 1069 292 785 699 103 785 133 236 622 3 287 723 569 6289 526 Core 292 | . 1 . . . . . . . . 138 109 . . 1 . 1 42 Treads 4819 | . 172 . 873 292 785 699 103 565 . 89 208 . . . 278 755 . Legs 1780 | 13 1488 . . . . . . 8 . . 30 . 114 . . . 127 Wheels 1441 | . 206 679 196 . . . . 212 133 9 . . . . . . 6 Hover 307 | . . . . . . . . . . . 275 3 29 . . . . Flight 7041 | . . . . . . . . . . . . . 144 722 291 5533 351 Fastest Speed 21 | 120 120 135 135 240 232 232 235 150 150 50 50 50 36 30 33 21 35 Average Speed 134 | 120 331 135 214 240 239 234 235 218 150 95 107 50 70 32 103 48 58 Slowest Speed 1550 | 120 1550 135 240 240 240 312 236 560 150 160 540 50 120 550 240 245 120 Overloaded Moves 60 | . . . . . . . . . . . . . . . . 60 . Propulsion Burnouts . | . . . . . . . . . . . . . . . . . . Robots Hopped 27 | . . . . . . . . . . . . . . 7 1 8 11 Cave-ins Triggered 1 | . . . . . . . . . . . . . . . . 1 . Exploration Rate (%) 63 | 2 99 97 83 75 73 85 18 80 5 93 22 . 96 26 96 88 38 Regions Visited 17 Branch Regions 3 Pre-discovered Areas 1 | . . 1 . . . . . . . . . . . . . . . Known Exits Taken 6 | . . . 1 1 1 . 1 . . . . 1 . . . 1 . Unknown Exits Taken 4 | 1 1 1 . . . . . . . . 1 . . . . . . Scrap Searched 3 | . . 3 . . . . . . . . . . . . . . . Spaces Dug 289 | . 63 18 2 . 10 9 . 1 1 . 3 . 9 29 . 144 . Terrain Destroyed 2013 | . 678 62 156 43 110 74 . 1 1 138 116 . 56 84 . 475 19 Melee 123 | . . . . . . 1 . 1 1 . . . . 2 . 118 . Projectile 143 | . . . 1 2 17 . . . . . . . 5 . . 99 19 AOE 1747 | . 678 62 155 41 93 73 . . . 138 116 . 51 82 . 258 . Terrain Rammed . | . . . . . . . . . . . . . . . . . . Walls Destroyed . | . . . . . . . . . . . . . . . . . . Machines Disabled . | . . . . . . . . . . . . . . . . . . Actions | -11 -10 -10 -9 -9 -8 -8 -8 -8 -7 -7 -7 -6 -6 -5 -5 -5 -5 --------- Run | Jun Mat Min Mat Sto Mat Gar Mat Gar Fac Was Fac Fac DSF Fac Was Fac Ext Total 25855 | 17 7925 721 1309 542 989 1018 168 1049 209 304 873 2 395 958 606 8146 624 Wait 7171 | . 5394 5 35 59 51 166 12 26 59 10 113 . 20 175 . 1016 30 Move 15614 | 12 1866 678 1068 291 784 698 103 783 133 235 621 2 286 711 566 6271 506 Hop 23 | . . . . . . . . . . . . . . 5 1 8 9 Pick Up 256 | . 27 3 23 5 15 11 8 25 2 3 16 . 13 7 14 82 2 Fast Attach 167 | 1 6 . 11 11 10 2 . 10 1 7 18 . 16 8 5 47 14 Attach 149 | . 4 . 6 4 6 4 2 7 2 1 11 . 11 6 . 81 4 Detach 88 | . 3 . 1 5 1 1 . . . . 5 . 5 4 3 56 4 Swap 200 | . 16 5 21 17 18 20 8 20 3 3 2 . 2 1 4 59 1 Drop 275 | . 18 3 32 16 28 10 9 23 1 3 10 . 13 11 9 85 4 Fire 1594 | 4 590 24 108 111 71 79 25 131 . 42 57 . 29 27 . 266 30 Melee 215 | . . . . . . 10 . 4 7 . 20 . . 3 2 169 . Ram 3 | . . 3 . . . . . . . . . . . . . . . Kick 1 | . 1 . . . . . . . . . . . . . . . . Crush 18 | . . . 4 6 5 . 1 . . . . . . . . 2 . Escape Stasis 34 | . . . . . . 10 . 20 . . . . . . . 4 . Rewire 39 | . . . . 10 . 7 . . . . . . . . 2 . 20 Trap 1 | . . . . . . . . . 1 . . . . . . . . Miscellaneous 7 | . . . . 7 . . . . . . . . . . . . . Route ------- -11/Junkyard -10/Materials (discovered 5 exits: *Mat x3 / [*Min x2]) -10/Mines (discovered 2 exits: *Mat x2) -9/Materials (discovered 6 exits: *Mat x3 / *Min x2 / *Sto) -9/Storage -8/Materials (discovered 2 exits: *Fac / Gar) -8/Garrison (discovered 4 exits: *Mat x4) -8/Materials -8/Garrison (discovered 4 exits: *Fac x3 / [*Mat]) -7/Factory -7/Waste -7/Factory -6/Factory -6/DSF -5/Factory -5/Waste -5/Factory (discovered 7 exits: *Fac x3 / *Upp x2 / *Ext x2) -5/Extension History --------- Turn | Location | Event 14 | -11/Junkyard | Discovered new exit (range 3) 29 | -11/Junkyard | Entered Materials 305 | -10/Materials | Build established: Mutant 4022 | -10/Materials | Discovered new exit (range 16) 4343 | -10/Materials | Discovered new exit (range 16) 4610 | -10/Materials | Discovered new exit (range 15) 5683 | -10/Materials | Discovered new exit (range 10) 5980 | -10/Materials | Repaired Lgt. Armor Plating 6416 | -10/Materials | Discovered new exit (range 16) 12925 | -10/Materials | Entered Mines 13013 | -10/Mines | Discovered new exit (range 8) 13106 | -10/Mines | Received a Rocket Launcher from a helpful Derelict 13399 | -10/Mines | Learned location of Storage (-9) 13477 | -10/Mines | Discovered new exit (range 8) 13705 | -10/Mines | Assisted by bots powering up and referring to "LRC-V3" 13910 | -10/Mines | Entered Materials 13910 | -9/Materials | Accompanied by 2 allies 13910 | -9/Materials | Evolved 2 slots: Propulsion x1, Utility x1 14060 | -9/Materials | Identified exit to Materials 14060 | -9/Materials | Central database locked down 14405 | -9/Materials | Discovered new exit (range 6) 14425 | -9/Materials | Identified exit to Mines 14425 | -9/Materials | Identified exit to Storage 15428 | -9/Materials | Destroyed 7 combat bots 15910 | -9/Materials | First assault squad dispatched 16008 | -9/Materials | Destroyed 9 combat bots 16420 | -9/Materials | Core integrity fell below 50% 16587 | -9/Materials | Sterilization system engaged 16587 | -9/Materials | Non-combat units ordered to evacuate 16612 | -9/Materials | Entered Storage 17012 | -9/Storage | First assault squad dispatched 17145 | -9/Storage | Destroyed 7 combat bots 17167 | -9/Storage | Met 01-MTF 17294 | -9/Storage | Destroyed 01-MTF 17323 | -9/Storage | Found 01-MTF's Shockpuncher 17434 | -9/Storage | Garrison activated, responded to threat 17537 | -9/Storage | Core integrity fell below 20% 17570 | -9/Storage | Lost 3 parts (1n1u1w) 17682 | -9/Storage | Discovered exit to Materials (range 16) 17735 | -9/Storage | Entered Materials 17735 | -8/Materials | Evolved 2 slots: Propulsion x1, Utility x1 18313 | -8/Materials | Destroyed 8 combat bots 18638 | -8/Materials | Build established: Scavenger-Mutant 19247 | -8/Materials | Identified exit to Garrison 19311 | -8/Materials | Discovered new exit (range 9) 19946 | -8/Materials | Entered Garrison 19946 | -8/Garrison | Accompanied by 1 ally 20114 | -8/Garrison | Triggered checkpoint 20154 | -8/Garrison | Build established: Mutant 20304 | -8/Garrison | Installed Relay Interface Framework 20408 | -8/Garrison | Triggered checkpoint 20418 | -8/Garrison | Triggered checkpoint 20608 | -8/Garrison | Triggered checkpoint 20792 | -8/Garrison | Discovered new exit (range 14) 20823 | -8/Garrison | Triggered checkpoint 20851 | -8/Garrison | Lost 3 parts (2n1u) 20887 | -8/Garrison | Discovered new exit (range 5) 20921 | -8/Garrison | Build established: Scavenger-Mutant 21070 | -8/Garrison | Triggered checkpoint 21104 | -8/Garrison | Garrison Relay disabled 21324 | -8/Garrison | Discovered new exit (range 11) 21337 | -8/Garrison | Discovered new exit (range 53) 21337 | -8/Garrison | Discovered new exit (range 12) 21337 | -8/Garrison | Discovered new exit (range 59) 21337 | -8/Garrison | Discovered new exit (range 67) 21384 | -8/Garrison | Expanded RIF knowledge: Zone Cloak 21494 | -8/Garrison | Garrison Relay disabled 21789 | -8/Garrison | Build established: Bothacker-Mutant 22063 | -8/Garrison | Entered Materials 22063 | -8/Materials | Accompanied by 5 allies 22117 | -8/Materials | Garrison activated, responded to threat 22420 | -8/Materials | Identified exit to Garrison 22420 | -8/Materials | Entered Garrison 22485 | -8/Garrison | Build established: Scavenger-Mutant 22502 | -8/Garrison | Triggered checkpoint 22595 | -8/Garrison | Garrison Relay disabled 22766 | -8/Garrison | Triggered checkpoint 22808 | -8/Garrison | Triggered checkpoint 22881 | -8/Garrison | Build established: Bothacker-Mutant 23000 | -8/Garrison | Triggered checkpoint 23004 | -8/Garrison | Core integrity fell below 50% 23014 | -8/Garrison | Discovered new exit (range 15) 23121 | -8/Garrison | Expanded RIF knowledge: Command Fork 23246 | -8/Garrison | Triggered checkpoint 23276 | -8/Garrison | Garrison Relay disabled 23572 | -8/Garrison | Triggered checkpoint 23626 | -8/Garrison | Garrison Relay disabled 23646 | -8/Garrison | Triggered checkpoint 23742 | -8/Garrison | Discovered new exit (range 13) 23750 | -8/Garrison | Triggered checkpoint 23801 | -8/Garrison | Discovered new exit (range 5) 23966 | -8/Garrison | Triggered checkpoint 24014 | -8/Garrison | Triggered checkpoint 24079 | -8/Garrison | Lost 3 parts (1p2n) 24476 | -8/Garrison | Triggered checkpoint 24481 | -8/Garrison | Garrison Relay disabled 24566 | -8/Garrison | Triggered checkpoint 24568 | -8/Garrison | Discovered new exit (range 13) 24597 | -8/Garrison | System corruption reached 10% 24599 | -8/Garrison | Entered Factory 24599 | -7/Factory | Evolved 2 slots: Utility x2 24881 | -7/Factory | Sucked down chute 24881 | -7/Factory | Entered Waste 24881 | -7/Waste | Met up with 1 ally sucked down the chute earlier 24882 | -7/Waste | Met a frightened Derelict 24896 | -7/Waste | EMP discharged 24896 | -7/Waste | Spotted C-40 Crusher 24896 | -7/Waste | Spotted C-40 Crusher 24902 | -7/Waste | Destroyed C-40 Crusher 24909 | -7/Waste | Destroyed C-40 Crusher 24909 | -7/Waste | Spotted C-40 Crusher 24931 | -7/Waste | Crushed by Compactor (1 part destroyed, 1 dropped) 24934 | -7/Waste | Crushed by Compactor (1 part destroyed, 2 dropped) 24937 | -7/Waste | Crushed by Compactor (1 part destroyed, 2 dropped) 24940 | -7/Waste | Crushed by Compactor (1 part destroyed, 2 dropped) 24953 | -7/Waste | Spotted C-40 Crusher 24970 | -7/Waste | Crushed by Compactor (1 part destroyed) 24992 | -7/Waste | Destroyed C-40 Crusher 24996 | -7/Waste | EMP discharged 24996 | -7/Waste | System corruption reached 10% 25001 | -7/Waste | Lost 7 parts (1p1n3u2w) 25021 | -7/Waste | Destroyed C-40 Crusher 25023 | -7/Waste | Spotted C-40 Crusher 25060 | -7/Waste | Destroyed C-40 Crusher 25096 | -7/Waste | EMP discharged 25096 | -7/Waste | System corruption reached 30% 25111 | -7/Waste | Spotted C-40 Crusher 25123 | -7/Waste | Destroyed C-40 Crusher 25196 | -7/Waste | EMP discharged 25215 | -7/Waste | Discovered new exit (range 11) 25231 | -7/Waste | Entered Factory 25527 | -7/Factory | Build established: Scavenger-Mutant 25538 | -7/Factory | Fabricated Angular Momentum Engine (x2) 25745 | -7/Factory | Lost 4 parts (3u1w) 25860 | -7/Factory | Core integrity fell below 50% 25894 | -7/Factory | Lost 6 parts (4n1u1w) 26002 | -7/Factory | Lost 3 parts (1p2n) 26071 | -7/Factory | Lost 3 parts (2u1w) 26171 | -7/Factory | Destroyed 7 combat bots 26173 | -7/Factory | Build established: Mutant 26250 | -7/Factory | Discovered new exit (range 4) 26251 | -7/Factory | Entered another Factory area 26251 | -6/Factory | Evolved 2 slots: Utility x1, Weapon x1 26253 | -6/Factory | Identified exit to DSF 26253 | -6/Factory | Entered DSF 26280 | -6/DSF | Additional patrols routed to DSF 26362 | -6/DSF | Lost 5 parts (1p2u2w) 26582 | -6/DSF | Discovered new exit (range 15) 26608 | -6/DSF | Sterilization system engaged 26611 | -6/DSF | Entered Factory 26611 | -5/Factory | Evolved 2 slots: Propulsion x2 26889 | -5/Factory | Build established: Sprinter 27114 | -5/Factory | Sucked down chute 27114 | -5/Factory | Entered Waste 27114 | -5/Waste | The area was eerily silent 27194 | -5/Waste | Discovered new exit (range 11) 27270 | -5/Waste | Found Damper Plating 27439 | -5/Waste | Found Broken Fusion Bomb Launcher 27516 | -5/Waste | Build established: Mutant 27739 | -5/Waste | Entered Factory 27762 | -5/Factory | Discovered new exit (range 4) 28071 | -5/Factory | Build established: Scavenger-Tank 28111 | -5/Factory | Fabricated Cargo Storage Unit? 28173 | -5/Factory | Discovered new exit (range 6) 28322 | -5/Factory | Garrison activated, responded to threat 28394 | -5/Factory | Destroyed 7 combat bots 28459 | -5/Factory | Identified exit to Upper Caves 28459 | -5/Factory | Identified exit to Extension 28587 | -5/Factory | Lost 4 parts (1p1n2w) 28799 | -5/Factory | Discovered new exit (range 10) 28825 | -5/Factory | Identified exit to Factory 28979 | -5/Factory | Build established: Scavenger-Sprinter 29141 | -5/Factory | Crushed by falling debris 29142 | -5/Factory | System corruption reached 10% 29144 | -5/Factory | Discovered exit to Factory (range 6) 29211 | -5/Factory | Found Unknown Device 29211 | -5/Factory | Identified Launcher Loader 29239 | -5/Factory | Search patrols dispatched 29342 | -5/Factory | Spotted B-75 Beast 29379 | -5/Factory | Discovered exit to Factory (range 8) 29465 | -5/Factory | Lost 3 parts (1n2u) 29539 | -5/Factory | Search patrols dispatched 29839 | -5/Factory | Search patrols dispatched 30031 | -5/Factory | Build established: Scout 30139 | -5/Factory | Search patrols dispatched 30185 | -5/Factory | Fabricated Adv. Heavy Siege Treads? 30439 | -5/Factory | Search patrols dispatched 30558 | -5/Factory | Build established: Hacker-Scout 31039 | -5/Factory | Search patrols dispatched 31373 | -5/Factory | Fabricated Tiamat Missile Launcher? 31639 | -5/Factory | First assault squad dispatched 32005 | -5/Factory | Fabricated Tiamat Missile Launcher? 32675 | -5/Factory | Destroyed 8 combat bots 32852 | -5/Factory | Build established: Hauler-Tank 32866 | -5/Factory | High security lockdown imminent 32946 | -5/Factory | High security lockdown engaged 33058 | -5/Factory | Destroyed 13 combat bots 33132 | -5/Factory | Core integrity fell below 50% 33173 | -5/Factory | Destroyed 31 combat bots 33220 | -5/Factory | Released all parts (6) 33235 | -5/Factory | Entered Extension 33251 | -5/Extension | Lost 13 parts (1p4n4u4w) 33310 | -5/Extension | Spotted B-75 Beast 33330 | -5/Extension | Core integrity fell below 20% 33362 | -5/Extension | Spotted B-75 Beast 33404 | -5/Extension | Build established: Mutant 33535 | -5/Extension | First assault squad dispatched 33687 | -5/Extension | Destroyed by X-77 Beamer with Gatling Laser Last Messages --------------- 33663_ Acquired 5 matter. 33666_ C-30 ARC bursts open, deploying its payload. 33666_ G-67 Veteran unfolds itself. 33666_ G-50 Soldier unfolds itself. 33666_ L-41 Fighter unfolds itself. 33666_ G-50 Soldier unfolds itself. 33666_ E-15 Imp unfolds itself. 33666_ C-30 ARC bursts open, deploying its payload. 33666_ G-50 Soldier unfolds itself. 33666_ E-15 Imp unfolds itself. 33666_ R-10 Processor collects Flexi-carbon Leg. 33670_ System corrupted: Matter fused (-7). 33675_ IA-23X(g) destroyed. 33677_ HV Slug penetrates Wall. 33681_ Flexi-carbon Leg blown off. 33681_ Imp. Medium Armor Plating blown off. 33681_ Myomer Leg blown off. 33681_ Imp. Deuterium Engine blown off. 33681_ E-15 Imp destroyed. 33685_ Acquired Imp. Medium Armor Plating. Map ----- +----------------------------------------------------+ | | | | | | | | | | | | | | | | | | | | | | | ?????????????????????????????????????????????????? | | ?????????????????????????????????????????????????? | | ??????????????????????????????###########????????? | | ??????????????????????????????# ?????????? | | ??????????????????????????????# " ?????????? | | ??????????????????????????????# "%??????????? | | ?????????????????????????????? "%#??????????? | | ??????????????????????????????# "#??????????? | | #?????????????????????????????# #??????????? | | #?????????????????????????????# #??????????? | | #?????????????????????????????# #??????????? | | ???????????????????????????##?# #??????????? | | #?????????????????????????# #?? %% ##?????????? | | #???????????????????###?##;######g######?????????? | | #########################@ gg%% u# #???????? | | =+ % g x R # "????????? | | #########################= / /g g% #??????????? | | #???????????????????????# / g #??????????? | | #???????????????????????# / #??????????? | | ????????????????????????# #??????????? | | ????????????????????????###############??????????? | | ?????????????????????????????????????????????????? | | ?????????????????????????????????????????????????? | | ?????????????????????????????????????????????????? | | ?????????????????????????????????????????????????? | | ?????????????????????????????????????????????????? | | ?????????????????????????????????????????????????? | | ?????????????????????????????????????????????????? | | ?????????????????????????????????????????????????? | | ?????????????????????????????????????????????????? | | ?????????????????????????????????????????????????? | | ?????????????????????????????????????????????????? | | ?????????????????????????????????????????????????? | | ?????????????????????????????????????????????????? | | ?????????????????????????????????????????????????? | | ?????????????????????????????????????????????????? | | ################################################## | | | | | +----------------------------------------------------+ Best States ------------- Heat Dissipation 71 Energy Generation 21 Energy Capacity 500 Matter Stores 402 Matter Capacity 550 Sight Range 22 Robot Scan Range 15 Terrain Scan Range 16 Terrain Scan Density 110 Jamming Range 12 Armor Coverage 600 Resistance: TH 10 Core Shielding 20 Propulsion Shielding 66 Weapon Cycling 25 Evasion (%) 64 Targeting Accuracy 8 Melee Accuracy 5 Recoil Reduction 6 Offensive Hacking 14 Defensive Hacking 28 Relay Coupler Types 3 Relay Coupler Value 49 Authchip Count 5 Item Schematics ----------------- Cargo Storage Unit | -8/Materials | Hacked Fusion Bomb Launcher | -5/Factory | Scanalyzed Adv. Heavy Siege Treads | -5/Factory | Scanalyzed Adv. Weapon Cycler | -5/Factory | Scanalyzed Antimatter Reactor | -5/Factory | Scanalyzed Tiamat Missile Launcher | -5/Factory | Scanalyzed Lrn. Tractor Beam | -5/Factory | Scanalyzed Robot Schematics ------------------ None Fabricated ------------ Angular Momentum Engine | x2 | -7/Factory | Preloaded Cargo Storage Unit | x1 | -5/Factory | Authchip Adv. Heavy Siege Treads | x2 | -5/Factory Tiamat Missile Launcher | x1 | -5/Factory Tiamat Missile Launcher | x1 | -5/Factory Alien Tech Used ----------------- None Achievements -------------- None Challenges ------------ None Game ------ Seed SensorActiveChainsword Manual? 0 Play Time 05:44:30 Cumulative 916.0 hours Start 2023.01.25 @ 19:45:34 End 2023.01.29 @ 21:32:47 Sessions 7 Manual Loads 0 Difficulty Rogue Special Mode None Game No. 202 Rogue 170 Adventurer 31 Explorer 1 Win Type - Total 42 Types 29/0/6/6/0/0/1/0/0 Lore% 86 Gallery% 89 Achievement% 76 Wizard Run 0 Options --------- ASCII 0 Keyboard 0 Movement Arrows Keybinds 0 Fullscreen 1 Font 20/Terminus Map View 66x50 Tactical HUD 1 Map Filters NONE Filters NONE Steam 1 RUN: 36cb33fb-9278-42bd-b923-5b2b93761e34